 Dungeon Crawl Stone Soup version 0.27-a0-1200-g94dc6ad4cf (console) character file.

Game seed: 15520192227010582323

65 jejorda2 the Slasher (level 4, -15/37 HPs)
             Began as a Merfolk Berserker on May 30, 2021.
             Was a Believer of Trog.
             Killed from afar by Ijyb (22 damage)
             ... with a bolt of acid
             ... on level 3 of the Dungeon.
             The game lasted 00:03:29 (2213 turns).

jejorda2 the Slasher (Merfolk Berserker)            Turns: 2213, Time: 00:03:30

Health: -15/37     AC:  5    Str: 18    XL:     4   Next: 14%
Magic:  4/4        EV:  8    Int:  6    God:    Trog [**....]
Gold:   94         SH:  0    Dex: 13    Spells: 3/3 levels left

rFire    . . .     SeeInvis .   a - +0 falchion
rCold    . . .     Faith    .   (no shield)
rNeg     . . .     Spirit   .   e - +0 chain mail
rPois    .         Reflect  .   (no helmet)
rElec    .         Harm     .   c - +0 cloak
rCorr    .         Rampage  .   (no gloves)
Will     .....                  (no boots)
Stlth    ..........             (no amulet)
HPRegen  0.12/turn              (no ring)
MPRegen  0.09/turn              (no ring)

@: silenced, corroded
A: (nimble swimmer 2), mertail
a: Renounce Religion


You were on level 3 of the Dungeon.
You worshipped Trog.
Trog was pleased with you.
You visited 1 branch of the dungeon, and saw 3 of its levels.

You collected 94 gold pieces.

Inventory:

Hand Weapons
 a - a +0 falchion (weapon)
Armour
 c - a +0 cloak (worn)
 e - a +0 chain mail (worn)
Scrolls
 f - 2 scrolls of identify
 m - a scroll of magic mapping {unknown}
Potions
 h - 2 potions of flight
 j - a potion of invisibility {unknown}
 k - a potion of heal wounds {unknown}
 l - a potion of berserk rage {unknown}


   Skills:
 + Level 3.9 Fighting
 * Level 4.4 Long Blades
 + Level 1.9 Armour
 - Level 2.6 Dodging


You had 3 spell levels left.
You didn't know any spells.
Your spell library was empty.

Dungeon Overview and Level Annotations

Branches:
Dungeon (3/15)

Altars:

Annotations:
D:3 Ijyb


Innate Abilities, Weirdness & Mutations

((You are quick and stealthy near water. (Stealth+, EV+, Speed+++)))
Your lower body shifts to a powerful aquatic tail in water.


Message History

There is an entrance to a sewer on this level.
Hurry and find it before the portal rusts away!
Found a stone staircase leading down.
There is a stone staircase leading up here.
As you read the scroll labelled CIWOUPHINUL, it crumbles to dust.
You feel strangely unstable.
It was a scroll of teleportation.
As you read the scroll labelled XAMIUHAIST, it crumbles to dust.
You hear a loud clanging noise!
It was a scroll of noise.
As you read the scroll labelled DOCORH ZABA, it crumbles to dust.
It is a scroll of identify.
h - 2 potions of flight Your surroundings suddenly seem different.
Blink to where?
Press: ? - help, Dir - move target
As you read the scroll labelled FIOLOA YZIU, it crumbles to dust.
It was a scroll of blinking.
Found 17 stones.
As you read the scroll labelled RIELUL TEDENAI, it crumbles to dust.
A profound silence engulfs you.
It was a scroll of silence.
Okay, then.
You see here 17 stones.
You open the door.
Ijyb the Twisted Goblin comes into view.
She is wielding a +0 club and carrying a wand of acid (12).
Found a scroll labelled IPSEZX JESKENEUL.
There is an open door here.
An iguana comes into view.
Ijyb hits you but does no damage.
You hit Ijyb.
Ijyb is lightly wounded.
Ijyb hits you with a +0 club.
You slash Ijyb!
Ijyb is heavily wounded.
Ijyb zaps a wand.
The bolt of acid hits you! The acid corrodes you!
You are splashed with acid!
* * * LOW HITPOINT WARNING * * *
Ijyb hits you but does no damage.
Unknown command.
Ijyb zaps a wand.
The bolt of acid hits you!!
Ouch! That really hurt!
You die...

#.# #.##.## ####.
#.....# ..... ####..#
#...## # ##..#
##.....## #.####...#
##.......#
#........###.........
#.......('.........
#.#...####@........
##.## ##lg?....# ##
##.....## #...## #+##


You could see Ijyb and an iguana.

Vanquished Creatures
  2 adders (D:2)
  A dart slug (D:2)
  2 ball pythons (D:1)
  3 endoplasms
  3 giant cockroaches
  5 hobgoblins
  7 jackals
  4 kobolds (D:1)
  3 quokkas
  2 bats (D:1)
  2 frilled lizards (D:1)
  4 goblins
38 creatures vanquished.

Notes
Turn   | Place    | Note
-------+----------+-------------------------------------------
     0 | D:1      | jejorda2 the Merfolk Berserker began the quest for the Orb.
     0 | D:1      | Reached XP level 1. HP: 18/18 MP: 1/1
   184 | D:1      | Reached XP level 2. HP: 24/24 MP: 2/2
   547 | D:1      | Reached XP level 3. HP: 26/29 MP: 3/3
   579 | D:1      | Reached ** piety under Trog
   758 | D:1      | Reached skill level 4 in Long Blades
   765 | D:1      | You fall into a shaft and drop 1 floor!
  1065 | D:1      | Found a faded altar of an unknown god.
  1785 | D:2      | Reached XP level 4. HP: 37/37 MP: 4/4
  2207 | D:3      | Noticed Ijyb
  2213 | D:3      | Killed from afar by Ijyb

Illustrated notes

Levels and vault maps discovered:
D:1:      minmay_arrival_stair_chambers, layout_basic,
          shapermc_ecumenical_altar_starsandcircs
D:2:      layout_basic
D:3:      layout_loops_corners, gammafunk_temple_overflow_claw,
          lightli_sewer_entry_pipes, uniq_crazy_yiuf_cottage, uniq_ijyb

Skill      XL: |  1  2  3 |
---------------+----------+-----
Long Blades    | 4 |  4.4
Fighting       | |  3.9
Armour         | |  1.9
Dodging        | |  2.6

Action                   |  1- 3 |  4- 6 || total
-------------------------+-------+-------++-------
Melee: Falchion          |   120 |     3 ||   123
Invok: Berserk           |     1 |       ||     1
  Use: Scroll            |       |     5 ||     5
Armor: Animal skin       |     2 |       ||     2
       Chain mail        |    72 |     2 ||    74
Dodge: Dodged            |    63 |     1 ||    64
       Rpst.: Falchion   |    27 |       ||    27

Table legend: (Time is in decaauts)
 A = Elapsed time spent in this place.
 B = Non-inter-level travel time spent in this place.
 C = Inter-level travel time spent in this place.
 D = Time resting spent in this place.
 E = Time spent auto-exploring this place.
 F = Levels seen in this place.
 G = Mean time per level.
                   A        B        C        D        E       F      G
               +--------+--------+--------+--------+--------+-----+--------+
         Total |   2237 |   2184 |     53 |     31 |   1828 |   3 |  745.7 |
       Dungeon |   2237 |   2184 |     53 |     31 |   1828 |   3 |  745.7 |
               +--------+--------+--------+--------+--------+-----+--------+

Top non-repeatable levels by time:
     D:2: 1213 daAuts
     D:1: 1009 daAuts
     D:3: 15 daAuts
